 Dungeon Crawl Stone Soup version 0.28.0-45-g0d030f2227 (webtiles) character file.

Game seed: 1692535424192429950

2695 seaoflcl the Poker (level 9, -1/69 HPs)
             Began as a Human Fighter on Apr 12, 2022.
             Was a Priest of Zin.
             Killed from afar by an acid dragon (15 damage)
             ... with a splash of acid
             ... on level 8 of the Dungeon.
             The game lasted 00:11:58 (7392 turns).

seaoflcl the Poker (Human Fighter)                  Turns: 7392, Time: 00:11:59

Health: -1/69      AC:  8    Str: 28    XL:     9   Next: 96%
Magic:  9/9        EV: 13    Int:  8    God:    Zin [***...]
Gold:   257        SH:  5    Dex: 12    Spells: 8/8 levels left

rFire   . . .      SeeInvis .   a - +4 war axe (freeze)
rCold   . . .      Faith    .   c - +0 buckler
rNeg    . . .      Spirit   .   m - +0 shadow dragon scales
rPois   .          Reflect  .   y - +2 helmet
rElec   .          Harm     .   (no cloak)
rCorr   .          Rampage  .   (no gloves)
Will    .....                   (no boots)
Stlth   +++.......              (no amulet)
HPRegen 0.21/turn               e - +4 ring of evasion
MPRegen 0.11/turn               g - +6 ring of strength

@: corroded
A: no striking features
a: Renounce Religion, Recite, Vitalisation, Imprison, Donate Gold


You were on level 8 of the Dungeon.
You worshipped Zin.
Zin was most pleased with you.
You visited 1 branch of the dungeon, and saw 8 of its levels.
You also visited: Sewer.

You collected 285 gold pieces.
You donated 28 gold pieces to Zin.

Inventory:

Hand Weapons
 a - a +4 war axe of freezing (weapon)
 b - a +0 hunting sling
 n - a +0 long sword
 t - a +1 trident of freezing
Missiles
 j - 22 sling bullets
Armour
 c - a +0 buckler (worn)
 m - +0 shadow dragon scales (worn)
 y - a +2 helmet (worn)
Magical Staves
 w - a staff of air
Jewellery
 e - a +4 ring of evasion (left hand)
 g - a +6 ring of strength (right hand)
 z - a ring of protection from cold
Wands
 p - a wand of paralysis (12)
Scrolls
 d - a scroll of vulnerability {unknown}
 f - a scroll of enchant weapon {unknown}
 h - a scroll of blinking
 i - 3 scrolls of immolation
 k - 2 scrolls of silence {unknown}
 q - a scroll of brand weapon {unknown}
 r - a scroll of enchant armour {unknown}
 s - a scroll of identify
 u - 2 scrolls of teleportation {unknown}
 v - 2 scrolls of fear {unknown}
Potions
 l - a potion of lignification
 o - 2 potions of attraction
 x - a potion of brilliance {unknown}


   Skills:
 + Level 5.6 Fighting
 + Level 3.3 Long Blades
 + Level 4.7(6.2) Axes
 + Level 6.1(6.9) Polearms
 + Level 1.1 Slings
 + Level 6.0 Armour
 + Level 2.3 Dodging
 + Level 4.2 Stealth
 + Level 5.0 Shields


You had 8 spell levels left.
You didn't know any spells.
Your spell library contained the following spells:

 Spells                   Type           Power      Damage    Failure   Level
 Beastly Appendage        Tmut           0%         N/A       96%         1
 Corpse Rot               Necr/Air       0%         N/A       99%         2
 Wereblood                Tmut           0%         N/A       99%         2
 Spider Form              Tmut/Pois      0%         N/A       100%        3
 Dispel Undead            Necr           0%         3d6       100%        4
 Summon Ice Beast         Ice/Summ       0%         N/A       100%        4
 Summon Mana Viper        Hex/Summ       0%         N/A       100%        5
 Death Channel            Necr           0%         N/A       100%        6
 Monstrous Menagerie      Summ           0%         N/A       100%        7


Dungeon Overview and Level Annotations

Branches:
Dungeon (8/15)             Temple (0/1) D:7           Sewer (visited)
   Lair: D:8-11

Altars:
Dithmenos
Elyvilon
Kikubaaqudgha
Uskayaw
Wu Jian
Zin
The Shining One

Shops:
D:1 *   D:2 !

Annotations:
D:5 Dowan


Message History

b - a +0 hunting sling (weapon)
Fire: 24 sling bullets
Press: ? - help, Q - select action, (/) - cycle Shift-Dir - straight line, f - acid dragon
Aim: an acid dragon (asleep, 98% to hit)
You shoot a sling bullet. The sling bullet hits the acid dragon.
The acid dragon roars!
The acid dragon is moderately wounded.
Fire: 23 sling bullets
Press: ? - help, Q - select action, (/) - cycle Shift-Dir - straight line, f/p - acid dragon
Aim: an acid dragon (moderately wounded, 59% to hit)
You shoot a sling bullet.
The sling bullet hits the acid dragon but does no damage.
The acid dragon is moderately wounded.
The acid dragon spits acid at you. The splash of acid hits you!!
The acid corrodes you!
Found 8 gold pieces.
Your +4 war axe of freezing glows with a cold blue light!
a - a +4 war axe of freezing (weapon)
The acid dragon spits acid at you. The splash of acid hits you!!
The acid corrodes you! The acid dragon bites you!
* * * LOW HITPOINT WARNING * * *
The acid dragon claws you.
* * * LOW HITPOINT WARNING * * *
You hit the acid dragon. You freeze the acid dragon.
The acid dragon is heavily wounded.
You block the acid dragon's attack. x2
You completely miss the acid dragon.
The acid dragon is heavily wounded.
The acid dragon closely misses you. The acid dragon misses you.
You barely miss the acid dragon.
The acid dragon is heavily wounded.
The acid dragon bites you but does no damage.
The acid dragon claws you.
* * * LOW HITPOINT WARNING * * *
You closely miss the acid dragon.
The acid dragon is heavily wounded.
The acid dragon spits acid at you. The splash of acid hits you!
You die...

##.## (.### ....# ##(...
....######.... ...
.....##....D# ##...
...)........# $..#
............## #..#
.............# ...##
.............######....#
#....###.......D@......##
#...## #......###........
#...# #...##.# #..##..##
.... #...###.# #.## ##
##.. #.#..# ### .##
####.# .# ### #. #


You could see an acid dragon (catching breath).

Vanquished Creatures
  Prince Ribbit (D:5)
  2 wyverns (D:7)
  Edmund (D:6)
  Duvessa (D:5)
  2 water moccasins
  2 sky beasts
  A necrophage (D:7)
  An ogre (D:4)
  3 centaurs
  A phantom (D:6)
  A kobold brigand (D:8)
  6 bullfrogs
  2 scorpions
  A vampire bat (D:3)
  An electric eel (D:7)
  2 hounds
  2 jellies (D:6)
  2 centaur skeletons
  Robin (D:2)
  2 howler monkey skeletons
  16 adders
  An ufetubus (D:7)
  An adder skeleton (D:4)
  A dart slug (D:2)
  3 orcs
  13 ball pythons
  3 bat skeletons (D:3)
  3 bat zombies (D:3)
  11 endoplasms
  9 giant cockroaches
  6 goblins
  8 hobgoblins
  4 jackals (D:2)
  12 quokkas
  8 bats
  7 frilled lizards (Sewer)
  6 kobolds
  A quokka skeleton (D:4)
  4 rats
152 creatures vanquished.

Notes
Turn   | Place    | Note
-------+----------+-------------------------------------------
     0 | D:1      | seaoflcl the Human Fighter began the quest for the Orb.
     0 | D:1      | Reached XP level 1. HP: 18/18 MP: 1/1
    67 | D:1      | Found Rinohac's Assorted Antiques.
   273 | D:1      | Reached XP level 2. HP: 18/24 MP: 2/2
   660 | D:2      | Reached XP level 3. HP: 28/29 MP: 3/3
   693 | D:2      | Noticed Robin
   709 | D:2      | Killed Robin
   715 | D:2      | Reached XP level 4. HP: 27/35 MP: 4/4
   971 | D:2      | Found a faded altar of an unknown god.
  1035 | D:2      | Found Seulirr's Distillery.
  1112 | D:2      | Found a shadowy altar of Dithmenos.
  1279 | D:3      | Noticed a +0 dagger
  1279 | D:3      | Noticed a +0 hand axe
  1286 | D:3      | Found a hide-covered altar of Uskayaw.
  1402 | D:3      | Found an ancient bone altar of Kikubaaqudgha.
  1414 | D:3      | Reached skill level 1 in Polearms
  1414 | D:3      | Reached XP level 5. HP: 41/41 MP: 5/5
  1486 | D:3      | Found a glowing silver altar of Zin.
  1490 | D:3      | Became a worshipper of Zin the Law-Giver
  1528 | D:3      | Reached skill level 1 in Stealth
  1632 | D:3      | Reached * piety under Zin
  1693 | D:3      | Noticed a sky beast
  1725 | D:3      | Killed a sky beast
  1726 | D:3      | Reached XP level 6. HP: 11/48 MP: 6/6
  2280 | D:4      | Noticed an ogre
  2287 | D:4      | Killed an ogre
  2288 | D:4      | Reached skill level 1 in Dodging
  2541 | D:4      | Reached XP level 7. HP: 22/53 MP: 7/7
  3389 | D:5      | Entered Level 5 of the Dungeon
  3414 | D:5      | Found an ornate altar of the Wu Jian Council.
  3451 | D:5      | Reached skill level 1 in Slings
  3490 | D:5      | Noticed Prince Ribbit
  3534 | D:5      | Killed Prince Ribbit
  3535 | D:5      | Reached XP level 8. HP: 31/60 MP: 8/8
  3691 | D:5      | Noticed Dowan
  3692 | D:5      | Noticed Duvessa
  3706 | D:5      | Killed Duvessa
  4110 | D:6      | Reached skill level 5 in Polearms
  4217 | D:6      | Found a glowing drain.
  4324 | Sewer    | Entered a sewer
  4643 | Sewer    | HP: 3/61 [poisoned by an adder]
  4644 | Sewer    | HP: 1/61 [adder (2)]
  4652 | Sewer    | Reached skill level 5 in Armour
  5827 | D:6      | Reached ** piety under Zin
  5890 | D:6      | Noticed Edmund
  5899 | D:6      | Killed Edmund
  5900 | D:6      | Reached XP level 9. HP: 67/67 MP: 9/9
  6065 | D:6      | Reached skill level 5 in Fighting
  6065 | D:6      | Reached skill level 1 in Axes
  6548 | D:7      | Found a staircase to the Ecumenical Temple.
  6716 | D:7      | Found a white marble altar of Elyvilon.
  6718 | D:7      | Found a glowing golden altar of the Shining One.
  6721 | D:7      | Found a shadowy altar of Dithmenos.
  7025 | D:7      | Reached *** piety under Zin
  7318 | D:8      | Reached skill level 5 in Shields
  7392 | D:8      | Killed from afar by an acid dragon

Illustrated notes

Levels and vault maps discovered:
D:1:      onia_arrival_pentagram, layout_basic, serial_shops,
          nicolae_shop_stone, corexii_leaking_fountain
D:2:      layout_rooms, serial_shops, nicolae_shop_trees,
          ebering_ecumenical_altar_mist, basic_altar, uniq_robin
D:3:      layout_rooms, kennysheep_vampire_church, zin_treasury,
          dancing_weapons_uskayaw, minmay_fractal_squares_diagonal_5
D:4:      layout_loops_ring
D:5:      layout_basic, ashenzari_conservatory_becter,
          mainiacjoe_overflow_tiny_flanked, lightli_temple_of_fire,
          minmay_misc_feat_pillars, kennysheep_flooded_box, uniq_prince_ribbit1,
          uniq_duvessa
D:6:      layout_basic, gup_sewer_entry_glass, uniq_edmund
D:7:      layout_loops_ring, minitemple, minmay_temple_entry_glass, minivault_4
D:8:      layout_layer_cave, dk_yredelemnul_ordeal,
          mainiacjoe_overflow_24_doors, uniq_maggie

Skill      XL: |  1  2  3  4  5  6  7  8  9 |
---------------+----------------------------+-----
Long Blades    | 3 |  3.3
Polearms       | 1 2 3 4 5 6 |  6.1
Stealth        | 1 3 4 |  4.2
Dodging        | 1 2 |  2.3
Shields        | 4 5 |  5.0
Fighting       | 4 5 |  5.6
Slings         | 1 |  1.1
Armour         | 4 5 6 |  6.0
Axes           | 4 |  4.7

Action                   |  1- 3 |  4- 6 |  7- 9 || total
-------------------------+-------+-------+-------++-------
Melee: Long sword        |    53 |     8 |       ||    61
       Trident           |       |   140 |   243 ||   383
       War axe           |       |       |   101 ||   101
 Fire: Hunting sling     |     4 |     3 |     2 ||     9
  Use: Potion            |       |     1 |     6 ||     7
       Scroll            |       |       |     5 ||     5
 Stab: Sleeping          |     1 |     7 |    15 ||    23
Armor: Scale mail        |     8 |       |       ||     8
       Shadow dragon sca |    21 |    77 |   193 ||   291
       Animal skin       |       |     1 |       ||     1
Dodge: Dodged            |    36 |    82 |   230 ||   348
Block: Buckler           |    14 |    44 |   115 ||   173
